 Dungeon Crawl Stone Soup version 0.21.1-1-g345015f (webtiles) character file.

122 Mirai the Skirmisher (level 4, -2/35 HPs)
             Began as a Demonspawn Fighter on Mar 14, 2018.
             Slain by a gnoll
             ... wielding a +0 spear
              (8 damage)
             ... on level 3 of the Dungeon.
             The game lasted 00:03:15 (1851 turns).

Mirai the Skirmisher (Demonspawn Fighter)           Turns: 1851, Time: 00:03:16

Health: -2/35      AC:  6    Str: 17    XL:     4   Next: 78%
Magic:  4/4        EV:  7    Int: 10    God:
Gold:   89         SH:  8    Dex: 12    Spells: 3/3 levels left

rFire    . . .     SeeInvis .   a - +0 war axe
rCold    + . .     Gourm    .   c - +0 shield
rNeg     . . .     Faith    .   b - +0 scale mail
rPois    .         Spirit   .   (no helmet)
rElec    .         Reflect  .   (no cloak)
rCorr    .         Harm     .   (no gloves)
MR       .....                  (no boots)
Stlth    ..........             (no amulet)
HPRegen  0.11/turn              g - ring of protection from cold
MPRegen  0.09/turn              (no ring)

@: no status effects
A: talons 1, powered by pain 1
a: no special abilities


You were on level 3 of the Dungeon.
You were not hungry.

You visited 1 branch of the dungeon, and saw 3 of its levels.

You collected 89 gold pieces.

Inventory:

Hand Weapons
 a - a +0 war axe (weapon)
Armour
 b - a +0 scale mail (worn)
 c - a +0 shield (worn)
Jewellery
 g - a ring of protection from cold (left hand)
Scrolls
 i - 3 scrolls of remove curse {unknown}
 j - 2 scrolls of identify {unknown}
 k - a scroll of fear {unknown}
 l - 3 scrolls of teleportation {unknown}
 m - 2 scrolls of amnesia {unknown}
Potions
 e - a potion of ambrosia {unknown}
 n - a potion of degeneration {unknown}
Books
 h - a book of Minor Magic

   Spells                             Type                      Level
   a - Magic Dart                     Conjuration                  1
   b - Blink                          Translocation                2
   c - Call Imp                       Summoning                    2
   d - Slow                           Hexes                        2
   e - Conjure Flame                  Conjuration/Fire             3
   f - Mephitic Cloud                 Conjuration/Poison/Air       3
Comestibles
 d - a chunk of flesh
 f - 9 rations


   Skills:
 + Level 3.5 Fighting
 + Level 3.2 Axes
 + Level 3.3 Armour
 * Level 1.6 Dodging
 - Level 2.6 Shields


You had 3 spell levels left.
You didn't know any spells.

Dungeon Overview and Level Annotations

Branches:
Dungeon (3/15)

Altars:
Xom


Innate Abilities, Weirdness & Mutations

You have sharp toenails.
You sometimes gain a little power by taking damage.


Message History

Unknown command.
You closely miss the gnoll. Your kick misses the gnoll.
Your shield prevents you from hitting the gnoll.
The gnoll hits you with a spear. You block the gnoll's attack. x2
Unknown command.
You closely miss the gnoll. You hit the gnoll but do no damage.
The gnoll hits you with a halberd.
* * * LOW HITPOINT WARNING * * *
The gnoll closely misses you.
Unknown command.
You closely miss the gnoll. You claw the gnoll.
The gnoll is moderately wounded.
You slash the gnoll!
You kill the gnoll!
The gnoll hits you but does no damage. You block the gnoll's attack.
Unknown command.
You hit the gnoll.
The gnoll is moderately wounded.
The gnoll hits you with a spear!
You die...

####...#.#..###
#######......+.<.....
.........#...###.....
...............+.....
.............###.....
####................
#####.............#.....
#.......).........######
#.....g@..........#
#.......)#+#.####.[.
#........# #... ...
#..).....# ####
#........# ##....####
#.... #....


You could see a gnoll.

Vanquished Creatures
  2 gnolls (D:3)
  4 adders (D:2)
  An ooze (D:2)
  5 worms (D:2)
  2 dart slugs (D:1)
  2 leopard geckos (D:2)
  3 giant cockroaches
  4 goblins
  6 hobgoblins
  2 quokkas
  A ball python (D:1)
  6 bats
  2 frilled lizards (D:2)
  3 kobolds
  5 rats
48 creatures vanquished.

Notes
Turn   | Place    | Note
-------+----------+-------------------------------------------
     0 | D:1      | Mirai the Demonspawn Fighter began the quest for the Orb.
     0 | D:1      | Reached XP level 1. HP: 18/18 MP: 1/1
   189 | D:1      | Gained mutation: You sometimes gain a little power by taking damage. [demonic ancestry]
   189 | D:1      | Reached XP level 2. HP: 13/24 MP: 2/2
   627 | D:2      | Reached skill level 1 in Dodging
   740 | D:2      | Gained mutation: You have sharp toenails. [demonic ancestry]
   740 | D:2      | Reached XP level 3. HP: 15/29 MP: 3/3
  1190 | D:2      | Found a shimmering altar of Xom.
  1204 | D:2      | Reached XP level 4. HP: 13/35 MP: 4/4
  1851 | D:3      | Slain by a gnoll

Skill      XL: |  1  2  3  4 |
---------------+-------------+-----
Axes           | 2 3 |  3.2
Armour         | 3 |  3.3
Dodging        | 1 |  1.6
Fighting       | |  3.5
Shields        | |  2.6

Action                   |  1- 3 |  4- 6 || total
-------------------------+-------+-------++-------
Melee: War axe           |   105 |    35 ||   140
       Kick              |    14 |     4 ||    18
  Use: Potion            |       |     2 ||     2
  Eat: Chunk             |     1 |     2 ||     3
Armor: Scale mail        |    49 |    12 ||    61
Dodge: Dodged            |    51 |    12 ||    63
Block: Shield            |    58 |    28 ||    86
